 Dungeon Crawl Stone Soup version 0.23.2-1-ga50397a (webtiles) character file.

Game seed: 14120243167807037951

33333 dvd the Thaumaturge (level 13, -2/93 HPs)
             Began as a Mummy Necromancer on May 2, 2019.
             Was a High Priest of Ashenzari.
             Slain by a six-headed hydra (15 damage)
             ... on level 6 of the Lair of Beasts.
             The game lasted 01:26:39 (22369 turns).

dvd the Thaumaturge (Mummy Necromancer)            Turns: 22369, Time: 01:26:40

Health: -2/93      AC: 15    Str: 14    XL:     13   Next: 36%
Magic:  12/31      EV: 19    Int: 17    God:    Ashenzari [*****.]
Gold:   1329       SH:  7    Dex: 21    Spells: 20/41 levels left

rFire    . . .     SeeInvis +   I - +2 short sword (protect) (curse)
rCold    + . .     Gourm    .   p - +1 buckler (curse)
rNeg     + + +     Faith    .   a - +0 robe of the Other World {MR+ Int+2 Dex+3 Slay+2} (curse)
rPois    ∞         Spirit   .   (no helmet)
rElec    .         Reflect  .   A - +0 cloak
rCorr    .         Harm     .   l - +2 pair of gloves (curse)
MR       +++..     Clarity  +   q - +2 pair of boots (curse)
Stlth    ++++......             r - amulet of Qazlal's Approval {+Rage MR+ Dex+4} (curse)
HPRegen  0.25/turn              K - ring of protection from fire (curse)
MPRegen  0.22/turn              z - +5 ring of protection

@: no status effects
A: no food or potions, fire vulnerability, cold resistance 1, negative energy
resistance 3, torment resistance, unbreathing, in touch with death 1
a: Curse Item, Scrying, Transfer Knowledge, Renounce Religion


You were on level 6 of the Lair of Beasts.
You worshipped Ashenzari.
Ashenzari was extremely pleased with you.
You were not hungry.

You visited 3 branches of the dungeon, and saw 19 of its levels.
You also visited: Sewer.

You collected 1329 gold pieces.

Inventory:

Hand Weapons
 e - a +5 dagger
 k - a +0 dagger of venom
 x - a +4 flail of draining
 y - a +2 great sword of freezing
 F - a +4 falchion
 H - a +1 spear of flaming
 I - a cursed +2 short sword of protection (weapon)
Armour
 a - the cursed +0 robe of the Other World (worn) {MR+ Int+2 Dex+3 Slay+2}
   (You found it on level 8 of the Dungeon)

   It affects your intelligence (+2).
   It affects your dexterity (+3).
   It affects your accuracy and damage with ranged weapons and melee attacks
   (+2).
   It affects your resistance to hostile enchantments.
   It has a curse placed upon it.
 i - a +0 troll leather armour
 l - a cursed +2 pair of gloves (worn)
 p - a cursed +1 buckler (worn)
 q - a cursed +2 pair of boots (worn)
 s - the +0 chain mail of Nobility {Str+3 Dex+3}
   (You found it on level 6 of the Dungeon)

   It affects your strength (+3).
   It affects your dexterity (+3).
 A - a +0 cloak (worn)
 E - a +1 robe of fire resistance
 L - +0 steam dragon scales
Jewellery
 n - an uncursed amulet of the acrobat
 r - the cursed amulet of Qazlal's Approval (around neck) {+Rage MR+ Dex+4}
   (You found it on level 2 of the Lair of Beasts)

   [amulet of rage]

   It affects your dexterity (+4).
   It affects your resistance to hostile enchantments.
   It lets you go berserk.
   It has a curse placed upon it.
 t - an uncursed ring of resist corrosion
 u - an uncursed ring of flight
 z - a +5 ring of protection (right hand)
 K - a cursed ring of protection from fire (left hand)
Wands
 b - a wand of random effects (18)
 g - a wand of scattershot (7)
 j - a wand of polymorph (16)
 m - a wand of acid (2)
 o - a wand of digging (9)
 B - a wand of disintegration (7)
 C - a wand of flame (33)
 D - a wand of enslavement (1)
Scrolls
 c - a scroll of fog
 d - 3 scrolls of amnesia
 f - 15 scrolls of identify
 h - 3 scrolls of blinking
 G - 2 scrolls of teleportation
 J - 4 scrolls of vulnerability


   Skills:
 + Level 6.0 Fighting
 + Level 6.0(10.2) Short Blades
 + Level 2.5(4.6) Long Blades
 + Level 3.6 Maces & Flails
 + Level 4.4 Armour
 + Level 5.6(8.3) Dodging
 + Level 5.2(7.9) Stealth
 + Level 3.2(5.6) Shields
 + Level 14.6 Spellcasting
 + Level 0.7(2.0) Conjurations
 + Level 1.1(2.7) Hexes
 + Level 11.8(14.1) Necromancy
 + Level 0.4(1.4) Translocations
 + Level 1.6(3.5) Evocations


You had 20 spell levels left.
You knew the following spells:

 Your Spells              Type           Power        Failure   Level  Hunger
a - Pain                  Necr           ####         0%          1    N/A
b - Vampiric Draining     Necr           ######....   1%          3    N/A
c - Animate Dead          Necr           N/A          1%          4    N/A
d - Dazzling Spray        Conj/Hex       ###...       6%          3    N/A
e - Apportation           Tloc           ###...       3%          1    N/A
f - Searing Ray           Conj           ###...       3%          2    N/A
g - Force Lance           Conj/Tloc      ###.....     26%         4    N/A
h - Ozocubu's Armour      Chrm/Ice       ##......     14%         3    N/A

Your spell library contained the following spells:

 Spells                   Type           Power        Failure   Level  Hunger
 Animate Skeleton         Necr           N/A          0%          1    N/A
 Confusing Touch          Hex            ###...       1%          1    N/A
 Magic Dart               Conj           ###.         2%          1    N/A
 Freeze                   Ice            ##..         4%          1    N/A
 Summon Small Mammal      Summ           ##..         4%          1    N/A
 Throw Frost              Conj/Ice       ###...       4%          2    N/A
 Call Imp                 Summ           ##......     7%          2    N/A
 Song of Slaying          Chrm           ##......     7%          2    N/A
 Sticks to Snakes         Tmut           ##......     7%          2    N/A
 Swiftness                Chrm/Air       ##......     7%          2    N/A
 Fulminant Prism          Conj/Hex       ###.......   21%         4    N/A
 Iskenderun's Mystic Bla  Conj           ###.....     22%         4    N/A
 Throw Icicle             Conj/Ice       ###.....     32%         4    N/A
 Summon Ice Beast         Ice/Summ       ##......     41%         4    N/A
 Regeneration             Chrm/Necr      Unusable     N/A         3    N/A

Dungeon Overview and Level Annotations

Branches:
Dungeon (12/15)            Temple (1/1) D:5            Lair (6/6) D:10
  Swamp (0/4) Lair:2        Snake (0/4) Lair:3        Slime (0/5) Lair:6
    Orc (0/2) D:10

Altars:
Ashenzari
Cheibriados
Dithmenos
Elyvilon
Fedhas
Gozag
Hepliaklqana
Kikubaaqudgha
Makhleb
Nemelex Xobeh
Okawaru
Qazlal
Ru
Sif Muna
Trog
Uskayaw
Vehumet
Wu Jian
Xom
Yredelemnul
Zin
The Shining One

Shops:
D:12 }

Portals:
Ice
Cave: Lair:6

Annotations:
D:9 2 transporters
Lair:1 1 runed translucent door
Lair:2 exclusion: oklob plant
Lair:4 3 runed translucent doors, Nyzic's ghost, journeyman TrMo
Lair:5 exclusion: 2 oklob plants


Innate Abilities, Weirdness & Mutations

You do not eat or drink.
Your flesh is vulnerable to fire.
You are immune to poison.
Your flesh is cold resistant. (rC+)
You are immune to negative energy. (rN+++)
You are immune to unholy pain and torment.
You can survive without breathing.
You are in touch with the powers of death.


Message History

The six-headed hydra bites you but does no damage.
The six-headed hydra bites you. The crocodile completely misses you.
Unknown command.
Unknown command.
Casting: Dazzling Spray (safe; 6% risk of failure)
Confirm with . or Enter, or press ? or * to list all spells.
Aiming: Vampiric Draining (safe; 1% risk of failure)
Press: ? - help, Shift-Dir - straight line, f - six-headed hydra, p - spiny frog
Aim: a six-headed hydra (lightly wounded)
You feel a surge of power!
The six-headed hydra is moderately wounded.
You feel life coursing into your body. The ice encasing you melts away.
The six-headed hydra bites you!
* * * LOW HITPOINT WARNING * * *
The six-headed hydra bites you but does no damage.
The six-headed hydra bites you!
* * * LOW HITPOINT WARNING * * *
The six-headed hydra bites you!
You die...

.....## * ....## ###* ##* ##### *
....#******#..#*### #.###.P.##*#
.....,,,,*,,P..##.####..##...P##.
,,,,,,,,,,,,..................P..
,,,,,,,,,,,,,{...≈...............
,,,,,,,,,,,,,,....#≈...........%.
,,,,,,,,,,,,,,,#.t≈#≈............
*,*,,*,,,,,,,,≈#@.F≈#............
*****,,,,,,,,,≈#†D...≈...........
***,*,,,,,,,{≈#∩†...............
**,,**,,,,,,,,≈#####.............
,,,,,,,,,,,,,,≈≈≈≈≈..............
,,,,,,,,,,,,,,,..................
,,,,,,,,,{,,,,................$..
,,,,,,,,,,,,,,...................
*,,,,,*,,,,,**.#(#P####.##....P#.


You could see a six-headed hydra, a spiny frog (blind) and a crocodile.

Vanquished Creatures
  Snorg (Lair:5)
  Harold (D:7)
  2 hydras
  A centaur warrior (D:12)
  A death knight (D:12)
  A two-headed ogre (D:12)
  Nergalle (D:11)
  A lindwurm (Lair:4)
  An ugly thing (D:11)
  A deep elf mage (D:12)
  A cyclops (D:12)
  Maurice (D:8)
  A centaur zombie (D:12)
  4 black mambas
  8 spiny frogs
  2 rime drakes (Lair:6)
  2 komodo dragons
  6 trolls
  A hornet (D:12)
  2 polar bears (Lair:3)
  2 blink frogs (Lair:3)
  4 hippogriffs
  A slime creature (D:12)
  A wraith (D:7)
  18 yaks
  A shadow (D:11)
  2 wyverns
  A basilisk (D:12)
  A vampire (D:12)
  5 hungry ghosts
  3 steam dragons
  2 nagas (Lair:3)
  2 insubstantial wisps (D:12)
  7 water moccasins
  8 orc warriors
  6 porcupines
  A black bear (D:10)
  An eye of draining (D:11)
  3 ice beasts
  2 necrophages
  2 phantoms (D:11)
  5 sky beasts
  5 ogres
  8 crocodiles
  15 wolves
  6 centaurs (D:12)
  2 big kobolds
  7 bullfrogs
  A gnoll sergeant (D:9)
  An elf skeleton (D:7)
  A wyvern zombie (D:10)
  A wyvern skeleton (D:12)
  6 scorpions
  4 killer bees (D:8)
  5 electric eels
  7 wights
  5 crimson imps
  2 quasits
  6 hounds
  8 orc priests
  2 centaur skeletons
  6 human zombies (D:7)
  3 jellies
  11 orc wizards
  2 bullfrog skeletons
  Terence (D:2)
  3 iguanas
  6 worker ants
  A killer bee zombie (D:10)
  A hound skeleton (D:5)
  2 mummies (D:7)
  A howler monkey zombie (D:8)
  9 gnolls
  7 adders
  A howler monkey skeleton (D:11)
  A river rat (Sewer)
  2 shadow imps
  3 adder zombies
  2 adder skeletons
  2 worms (D:4)
  3 dart slugs
  10 leopard geckos
  40 orcs
  18 bats
  9 giant cockroaches
  9 goblins
  6 hobgoblins
  14 jackals
  5 quokkas
  3 ball pythons
  6 frilled lizards
  12 kobolds
  An orc zombie (D:7)
  11 rats
420 creatures vanquished.

Vanquished Creatures (collateral kills)
  2 hydras
  Sonja (D:10)
  A gargoyle (D:10)
  2 komodo dragons
  A blink frog (Lair:3)
  2 hippogriffs
  3 yaks (Lair:5)
  2 basilisks
  A hungry ghost (D:8)
  4 water moccasins
  3 wolves (Lair:5)
  3 ogres
  3 crocodiles
  3 bullfrogs
  A wyvern zombie (D:10)
  A water moccasin skeleton (D:8)
  3 wights
  A howler monkey (D:4)
  A centaur skeleton (D:10)
  An orc wizard (D:10)
  A bullfrog skeleton (D:5)
  A shadow imp (D:6)
  A dart slug (D:3)
  2 orcs (D:10)
  2 goblins (D:10)
  A hobgoblin (D:10)
  A jackal (D:10)
  A bat (D:3)
  2 fungi
51 creatures vanquished.

Vanquished Creatures (others)
  A yak (D:10)
  A sky beast (D:12)
  5 fungi
  3 plants
  11 toadstools (Lair:1)
21 creatures vanquished.

Grand Total: 492 creatures vanquished

Notes
Turn   | Place    | Note
-------+----------+-------------------------------------------
     0 | D:1      | dvd the Mummy Necromancer began the quest for the Orb.
     0 | D:1      | Reached XP level 1. HP: 13/13 MP: 4/4
   217 | D:1      | Reached skill level 3 in Spellcasting
   227 | D:1      | Reached XP level 2. HP: 19/19 MP: 0/6
   755 | D:2      | Reached XP level 3. HP: 21/24 MP: 6/8
   879 | D:2      | Noticed Terence
   887 | D:2      | Killed Terence
   887 | D:2      | Reached skill level 4 in Spellcasting
  1092 | D:2      | Reached XP level 4. HP: 25/30 MP: 0/10
  1098 | D:2      | Learned a level 3 spell: Vampiric Draining
  1103 | D:2      | Learned a level 4 spell: Animate Dead
  1604 | D:2      | Reached skill level 5 in Necromancy
  1669 | D:3      | Found a glowing drain.
  1695 | Sewer    | Entered a sewer
  1832 | Sewer    | Noticed a big kobold
  1852 | Sewer    | Reached XP level 5. HP: 22/35 MP: 8/12
  1862 | Sewer    | Reached skill level 5 in Spellcasting
  1947 | Sewer    | Found a white marble altar of Elyvilon.
  2716 | D:4      | Found a hide-covered altar of Uskayaw.
  2717 | D:4      | Noticed a +0 hand axe
  2717 | D:4      | Noticed a +0 dagger
  2839 | D:4      | Reached XP level 6. HP: 15/41 MP: 0/14
  3178 | D:4      | Reached skill level 6 in Spellcasting
  3318 | D:4      | Found a deep blue altar of Sif Muna.
  3807 | D:4      | Reached XP level 7. HP: 47/47 MP: 10/17
  3937 | D:4      | Found a bloodstained altar of Trog.
  4198 | D:5      | Entered Level 5 of the Dungeon
  4285 | D:5      | Reached skill level 1 in Fighting
  4289 | D:5      | Reached skill level 1 in Short Blades
  4303 | D:5      | Reached skill level 7 in Spellcasting
  4553 | D:5      | Found a staircase to the Ecumenical Temple.
  4570 | Temple   | Entered the Ecumenical Temple
  4634 | Temple   | Became a worshipper of Ashenzari the Shackled
  5107 | D:5      | Reached XP level 8. HP: 56/56 MP: 15/19
  5259 | D:5      | Found a blossoming altar of Fedhas.
  5259 | D:5      | Found a shadowy altar of Dithmenos.
  5380 | D:6      | Got the cursed chain mail of Nobility {Str+3 Dex+3}
  5391 | D:6      | Identified the cursed +0 chain mail of Nobility {Str+3
                  | Dex+3} (You found it on level 6 of the Dungeon)
  5678 | D:6      | Reached * piety under Ashenzari
  5699 | D:6      | Reached skill level 1 in Armour
  5827 | D:6      | Reached skill level 8 in Spellcasting
  6493 | D:7      | Reached skill level 1 in Long Blades
  6683 | D:7      | Noticed Harold
  6687 | D:7      | Found a snail-covered altar of Cheibriados.
  6708 | D:7      | Killed Harold
  6708 | D:7      | Reached skill level 9 in Spellcasting
  6708 | D:7      | Reached XP level 9. HP: 34/64 MP: 6/22
  7022 | D:7      | Reached skill level 1 in Evocations
  7302 | D:7      | Found a stormy altar of Qazlal.
  7554 | D:7      | Found an ancient bone altar of Kikubaaqudgha.
  7594 | D:7      | Reached skill level 1 in Maces & Flails
  8521 | D:8      | Noticed Maurice
  8559 | D:8      | Killed Maurice
  8559 | D:8      | Reached XP level 10. HP: 40/72 MP: 2/23
  8903 | D:8      | Found a basalt altar of Yredelemnul.
  9635 | D:8      | Got the uncursed robe of the Other World {MR+ Int+2 Dex+3
                  | Slay+2}
  9646 | D:8      | Identified the +0 robe of the Other World {MR+ Int+2 Dex+3
                  | Slay+2} (You found it on level 8 of the Dungeon)
  9777 | D:9      | Found a shattered altar of Ashenzari.
 10222 | D:9      | Found a transporter.
 10226 | D:9      | Found a transporter.
 10229 | D:9      | Noticed a cyclops
 10230 | D:9      | Noticed a deep troll
 10235 | D:9      | Found a glowing golden altar of the Shining One.
 10486 | D:9      | Found a burning altar of Makhleb.
 10488 | D:9      | Found a glowing silver altar of Zin.
 10488 | D:9      | Noticed a green death
 10488 | D:9      | Noticed an angel
 10493 | D:9      | Reached ** piety under Ashenzari
 11044 | D:9      | Learned a level 3 spell: Dazzling Spray
 11185 | D:9      | Found a sparkling altar of Nemelex Xobeh.
 11240 | D:10     | Entered Level 10 of the Dungeon
 11255 | D:10     | Reached skill level 10 in Spellcasting
 11304 | D:10     | Reached skill level 1 in Shields
 12199 | D:10     | Reached XP level 11. HP: 44/78 MP: 1/25
 12207 | D:10     | Reached skill level 11 in Spellcasting
 12396 | D:10     | Found a staircase to the Orcish Mines.
 12455 | D:10     | Reached skill level 5 in Fighting
 12489 | D:10     | Noticed Sonja
 12510 | D:10     | Killed Sonja
 12628 | D:10     | Identified The Foundations of Rites and Rhymes
 12834 | D:10     | Found a staircase to the Lair.
 13927 | D:11     | Noticed a purple ugly thing
 13943 | D:11     | Killed a purple ugly thing
 14136 | D:11     | Noticed Nergalle
 14186 | D:11     | Killed Nergalle
 14846 | D:12     | Noticed a deep elf mage
 14865 | D:12     | Reached skill level 12 in Spellcasting
 14865 | D:12     | Reached skill level 10 in Necromancy
 14881 | D:12     | Killed a deep elf mage
 15136 | D:12     | Found Fein's Gadget Boutique.
 15832 | D:12     | Noticed a two-headed ogre
 15851 | D:12     | Killed a two-headed ogre
 15851 | D:12     | Reached XP level 12. HP: 73/86 MP: 18/28
 15971 | D:12     | Noticed a centaur warrior
 15992 | D:12     | Killed a centaur warrior
 15992 | D:12     | Reached skill level 5 in Short Blades
 16202 | D:12     | Noticed a death knight
 16227 | D:12     | Killed a death knight
 16578 | Lair:1   | Entered Level 1 of the Lair of Beasts
 16714 | Lair:1   | Reached skill level 13 in Spellcasting
 16799 | Lair:1   | Reached *** piety under Ashenzari
 17065 | Lair:1   | Noticed a six-headed hydra
 17078 | Lair:1   | Killed a six-headed hydra
 17099 | Lair:1   | Noticed a five-headed hydra
 17106 | Lair:1   | Killed a five-headed hydra
 17289 | Lair:1   | Noticed a dire elephant
 17290 | Lair:1   | Found the +0 sword of Power
 17311 | Lair:1   | Found a runed translucent door.
 17930 | Lair:2   | Identified the amulet of Qazlal's Approval {+Rage MR+
                  | Dex+4}
 18016 | Lair:2   | Reached skill level 1 in Hexes
 18043 | Lair:2   | Found a staircase to the Swamp.
 18076 | Lair:2   | Reached **** piety under Ashenzari
 18173 | Lair:2   | Learned a level 1 spell: Apportation
 18649 | Lair:2   | Reached skill level 5 in Dodging
 18945 | Lair:3   | Found a staircase to the Snake Pit.
 18953 | Lair:3   | Reached skill level 5 in Stealth
 19439 | Lair:3   | Learned a level 2 spell: Searing Ray
 19479 | Lair:3   | Noticed a six-headed hydra
 19489 | Lair:3   | Killed a six-headed hydra
 19489 | Lair:3   | Reached skill level 14 in Spellcasting
 19702 | Lair:4   | Reached ***** piety under Ashenzari
 19917 | Lair:4   | Found a runed translucent gate.
 19918 | Lair:4   | Found a runed translucent gate.
 19919 | Lair:4   | Found a runed translucent gate.
 19921 | Lair:4   | Noticed Nyzic's ghost (journeyman TrMo)
 20184 | Lair:4   | Noticed a four-headed hydra
 20204 | Lair:4   | Killed a four-headed hydra
 20204 | Lair:4   | Gained mutation: You are in touch with the powers of death.
                  | [Mummy growth]
 20204 | Lair:4   | Reached XP level 13. HP: 71/93 MP: 5/31
 20716 | Lair:4   | Learned a level 4 spell: Force Lance
 20735 | Lair:4   | Learned a level 3 spell: Ozocubu's Armour
 21140 | Lair:5   | Noticed Snorg
 21172 | Lair:5   | Killed Snorg
 21850 | Lair:6   | Entered Level 6 of the Lair of Beasts
 22355 | Lair:6   | Found a frozen archway.
 22369 | Lair:6   | Slain by a six-headed hydra

Skill      XL: |  1  2  3  4  5  6  7  8  9 10 11 12 13 |
---------------+----------------------------------------+-----
Spellcasting   | 3 4 5 6 7 9 10 12 14 | 14.6
Necromancy     | 5 6 7 9 10 11 | 11.8
Stealth        | 2 3 4 5 |  5.2
Fighting       | 2 3 4 5 6 |  6.0
Short Blades   | 1 2 4 5 6 |  6.0
Dodging        | 2 3 4 5 |  5.6
Armour         | 3 4 |  4.4
Long Blades    | 1 2 |  2.5
Evocations     | 1 |  1.6
Maces & Flails | 3 |  3.6
Shields        | 1 2 3 |  3.2
Hexes          | 1 |  1.1
Conjurations   | |  0.7
Translocations | |  0.4

Action                   |  1- 3 |  4- 6 |  7- 9 | 10-12 | 13-15 || total
-------------------------+-------+-------+-------+-------+-------++-------
Melee: Dagger            |     1 |    88 |   126 |    22 |       ||   237
       Falchion          |       |       |   135 |    12 |       ||   147
       Flail             |       |       |   146 |    87 |       ||   233
       Short sword       |       |       |       |   872 |   213 ||  1085
 Cast: Pain              |    56 |   105 |    36 |   104 |     2 ||   303
       Vampiric Draining |       |    21 |    32 |   178 |    42 ||   273
       Animate Dead      |       |    11 |     7 |    59 |    11 ||    88
       Dazzling Spray    |       |       |       |    31 |    12 ||    43
       Searing Ray       |       |       |       |     5 |     3 ||     8
       Apportation       |       |       |       |     3 |       ||     3
       Ozocubu's Armour  |       |       |       |       |     6 ||     6
Invok: Curse Item        |       |       |       |     7 |       ||     7
Evoke: Wand              |       |       |    25 |    25 |     1 ||    51
  Use: Scroll            |       |     1 |     1 |    13 |     2 ||    17
 Stab: Sleeping          |     1 |     5 |    14 |    25 |     3 ||    48
       Distracted        |       |       |       |     4 |     1 ||     5
       Invisible         |       |       |       |     6 |     6 ||    12
Armor: Robe              |       |    18 |     5 |   334 |   135 ||   492
       Ring mail         |       |       |   151 |    32 |       ||   183
       Chain mail        |       |       |     7 |       |       ||     7
Dodge: Dodged            |    10 |    93 |   206 |   650 |   384 ||  1343
Block: Buckler           |       |       |    25 |   208 |   171 ||   404
       Rpst.: Falchion   |       |       |    17 |     2 |       ||    19
